 Dungeon Crawl Stone Soup version 0.28-a0-476-g0f06bd746f (webtiles) character file.

Game seed: 3573079101347055108

121 dduke234 the Poker (level 5, -2/42 HPs)
             Began as a Merfolk Chaos Knight on Sept 16, 2021.
             Was a Plaything of Xom.
             Slain by a gnoll (5 damage)
             ... on level 3 of the Dungeon.
             The game lasted 00:05:29 (1472 turns).

dduke234 the Poker (Merfolk Chaos Knight)           Turns: 1472, Time: 00:05:29

Health: -2/42      AC:  7    Str: 13    XL:     5   Next: 5%
Magic:  0/5        EV: 12    Int: 12    God:    Xom [.....*]
Gold:   69         SH:  0    Dex: 15    Spells: 4/4 levels left

rFire   . . .      SeeInvis .   g - +2 spear (venom)
rCold   . . .      Faith    .   (no shield)
rNeg    . . .      Spirit   +   b - +2 leather armour
rPois   .          Reflect  .   (no helmet)
rElec   +          Harm     .   (no cloak)
rCorr   .          Rampage  .   (no gloves)
Will    .....                   (no boots)
Stlth   +++.......              f - amulet of guardian spirit
HPRegen 0.14/turn               (no ring)
MPRegen 0.09/turn               (no ring)

@: no status effects
A: (nimble swimmer 2), mertail, iridescent scales 1, thin skeletal structure 1,
electricity resistance, MP-powered wands
a: Renounce Religion


You were on level 3 of the Dungeon.
You worshipped Xom.
You were Xom's teddy bear.
You visited 1 branch of the dungeon, and saw 3 of its levels.

You collected 69 gold pieces.

Inventory:

Hand Weapons
 a - a +1 spear of chaos
 g - a +2 spear of venom (weapon)
Armour
 b - a +2 leather armour (worn)
Jewellery
 f - an amulet of guardian spirit (around neck)
 h - a ring of ice
Scrolls
 e - a scroll of teleportation {unknown}


   Skills:
 * Level 4.2 Fighting
 * Level 6.3 Polearms
 - Level 0.6 Armour
 * Level 3.4 Dodging
 * Level 1.8 Stealth


You had 4 spell levels left.
You didn't know any spells.
Your spell library contained the following spells:

 Spells                   Type           Power      Damage    Failure   Level
 Frozen Ramparts          Ice            0%         1d2       77%         3
 Ice Form                 Ice/Tmut       0%         N/A       99%         4
 Summon Ice Beast         Ice/Summ       0%         N/A       99%         4


Dungeon Overview and Level Annotations

Branches:
Dungeon (3/15)

Altars:

Shops:
D:1 *


Innate Abilities, Weirdness & Mutations

((You are quick and stealthy near water. (Stealth+, EV+, Speed+++)))
Your lower body shifts to a powerful aquatic tail in water.
You are partially covered in iridescent scales. (AC +2)
You have a somewhat thin skeletal structure. (Dex +2, Stealth+)
You are resistant to electric shocks. (rElec)
You expend magic power (3 MP) to strengthen your wands.


Message History

You feel better.
The orc shouts!
The jackal bites you.
* * * LOW HITPOINT WARNING * * *
The orc closely misses you. The adder bites you but does no damage.
The jackal bites you.
* * * LOW HITPOINT WARNING * * *
The gnoll barely misses you. The orc hits you with a +0 flail.
* * * LOW HITPOINT WARNING * * *
The orc barely misses you. The gnoll closely misses you.
You hit the adder.
The adder looks as sick as possible!
The adder is severely wounded.
An orc comes into view. It is wielding a +0 flail.
The jackal bites you but does no damage.
The orc hits you with a +0 mace. The adder bites you but does no damage.
The gnoll closely misses you.
You hit the adder.
You kill the adder!
The orc hits you with a +0 flail.
You die... "NOOOOOOO, not my teddy bear!"
Xom revives you! The orc closely misses you. The gnoll closely misses you.
The jackal bites you but does no damage.
The jackal bites you.
* * * LOW HITPOINT WARNING * * *
The orc barely misses you.
A frilled lizard comes into view.
You have reached level 5!
You feel clever.
The frilled lizard hisses angrily.
You puncture the jackal!
You kill the jackal!
An orc comes into view. It is wielding a +0 whip.
The gnoll closely misses you.
The jackal bites you but does no damage.
The orc closely misses you. The gnoll barely misses you.
The gnoll hits you from afar with a +0 spear.
You die...
Xom chuckles heartily!

#... .............. o
#...###.....$......
#.....#............
#............#.....
#.......)..........
##........o.ol.....
#....o.g....o.....
#...oh.g.........#
#...o@og..#.....h.
#######...####.#.......
#.........# #.#.####.h
#.####....# #.#h#gg ..
#.# #.#### $# #.# #.#
#.# #.# #.# #.# #.# #.#


You could see an orc priest, 3 gnolls, 6 orcs, a jackal and a frilled lizard.

Vanquished Creatures
  An orc wizard (D:3)
  3 adders
  A worm (D:2)
  3 dart slugs (D:2)
  An orc (D:3)
  2 endoplasms (D:1)
  A giant cockroach (D:1)
  6 goblins
  4 hobgoblins
  10 jackals
  3 kobolds (D:1)
  A quokka (D:2)
  8 ball pythons
  6 bats
  3 frilled lizards
  8 rats
61 creatures vanquished.

Notes
Turn   | Place    | Note
-------+----------+-------------------------------------------
     0 | D:1      | dduke234 the Merfolk Chaos Knight began the quest for the
                  | Orb.
     0 | D:1      | Reached XP level 1. HP: 18/18 MP: 1/1
   161 | D:1      | Reached XP level 2. HP: 24/24 MP: 2/2
   286 | D:1      | XOM: silly message
   384 | D:1      | XOM: 1-stop teleportation journey
   456 | D:1      | Found Esicw's General Store.
   624 | D:1      | XOM: swap monsters
   630 | D:1      | Reached skill level 5 in Polearms
   694 | D:1      | Found a faded altar of an unknown god.
   720 | D:1      | Reached skill level 1 in Stealth
   720 | D:1      | Reached XP level 3. HP: 30/30 MP: 3/3
   766 | D:1      | XOM: cloud trail
   975 | D:2      | XOM: noise
  1134 | D:2      | XOM: confuse monster(s)
  1142 | D:2      | Reached XP level 4. HP: 35/37 MP: 4/4
  1369 | D:2      | XOM: give mutations
  1369 | D:2      | Gained mutation: You are resistant to electric shocks.
                  | (rElec) [Xom's grace]
  1369 | D:2      | Gained mutation: You expend magic power (3 MP) to
                  | strengthen your wands. [Xom's grace]
  1369 | D:2      | Gained mutation: You have a somewhat thin skeletal
                  | structure. (Dex +2, Stealth+) [Xom's grace]
  1369 | D:2      | Gained mutation: You are partially covered in iridescent
                  | scales. (AC +2) [Xom's grace]
  1448 | D:3      | XOM: divination: detect creatures
  1449 | D:3      | XOM: divination: detect creatures
  1453 | D:3      | Reached skill level 6 in Polearms
  1469 | D:3      | HP: 1/37 [orc (6)]
  1471 | D:3      | Xom revived you
  1472 | D:3      | Reached XP level 5. HP: 3/42 MP: 0/5
  1472 | D:3      | Slain by a gnoll

Illustrated notes

Levels and vault maps discovered:
D:1:      grunt_arrival_lava_bath, layout_basic, serial_shops, shop,
          hellmonk_ecumenical_altar_arch_garden
D:2:      layout_rooms
D:3:      layout_basic, grunt_ministairs_6

Skill      XL: |  1  2  3  4 |
---------------+-------------+-----
Polearms       | 5 6 |  6.3
Stealth        | 1 |  1.8
Fighting       | 4 |  4.2
Dodging        | 3 |  3.4
Armour         | |  0.6

Action                   |  1- 3 |  4- 6 || total
-------------------------+-------+-------++-------
Melee: Spear             |   133 |    38 ||   171
  Use: Scroll            |     1 |       ||     1
       Potion            |     2 |     4 ||     6
 Stab: Sleeping          |     1 |     1 ||     2
       Confused          |     4 |       ||     4
Armor: Leather armour    |    31 |    25 ||    56
Dodge: Dodged            |    68 |    56 ||   124

Table legend: (Time is in decaauts)
 A = Elapsed time spent in this place.
 B = Non-inter-level travel time spent in this place.
 C = Inter-level travel time spent in this place.
 D = Time resting spent in this place.
 E = Time spent auto-exploring this place.
 F = Levels seen in this place.
 G = Mean time per level.
                   A        B        C        D        E       F      G
               +--------+--------+--------+--------+--------+-----+--------+
         Total |   1417 |   1390 |     27 |      0 |   1018 |   3 |  472.3 |
       Dungeon |   1417 |   1390 |     27 |      0 |   1018 |   3 |  472.3 |
               +--------+--------+--------+--------+--------+-----+--------+

Top non-repeatable levels by time:
     D:1: 810 daAuts
     D:2: 554 daAuts
     D:3: 52 daAuts
